 Dungeon Crawl Stone Soup version 0.30-a0-1094-g860fb061e7 (webtiles) character file.

Game seed: 17516993638803426837

2784 BlueFish the Covert (level 9, -2/59 HPs)
             Began as an Octopode Warper on Apr 17, 2023.
             Was an Initiate of Cheibriados.
             Slain by a gnoll
             ... wielding a +4 spear of venom
             ... led by a gnoll bouda
              (11 damage)
             ... on level 7 of the Dungeon.
             The game lasted 00:18:11 (7551 turns).

BlueFish the Covert (Octopode Warper)               Turns: 7551, Time: 00:18:11

Health: -2/59      AC:  2    Str: 15    XL:     9   Next: 70%
Magic:  20/24      EV: 22    Int: 17    God:    Cheibriados [......]
Gold:   394        SH:  0    Dex: 17    Spells: 0/16 levels left

rFire   . . .      SeeInvis .    a - melded +0 whip (freeze)
rCold   + . .      Faith    .    (shield currently unavailable)
rNeg    . . .      Spirit   .    (helmet currently unavailable)
rPois   x          Reflect  .    (no amulet)
rElec   .          Rampage  .    g - ring of wizardry
rCorr   .                        n - ring of flight
Will    +....                    r - ring of protection from cold
Stlth   ++++                     o - ring of magical power
HPRegen 0.29/turn                l - ring of willpower
MPRegen 0.19/turn                D - ring of wizardry
                                 (no ring)
                                 (no ring)

@: lethally poisoned (-2 -> -19), spider-form, flying, hasted, quick
A: venomous fangs, almost no armour, (amphibious), 8 rings, tiny, (camouflage
1), (gelatinous body 1), (nimble swimmer 1), (tentacles), (iridescent scales 1),
deterioration 1
a: End Transformation, Renounce Religion


You were on level 7 of the Dungeon.
You worshipped Cheibriados.
Cheibriados was noncommittal.
You were a venomous arachnid creature.
You visited 2 branches of the dungeon, and saw 8 of its levels.
You also visited: Sewer.

You collected 394 gold pieces.

Inventory:

Hand Weapons
 a - a +0 whip of freezing (melded)
 b - a +0 sling
 x - a +0 mace
Missiles
 c - 7 boomerangs of dispersal (quivered)
 d - 76 stones
 f - 6 silver javelins
 i - 15 poisoned darts
 s - 6 boomerangs
Jewellery
 g - a ring of wizardry (left front pincers)
 l - a ring of willpower (on tentacle)
 n - a ring of flight (right front pincers)
 o - a ring of magical power (on tentacle)
 r - a ring of protection from cold (on tentacle)
 D - a ring of wizardry (on tentacle)
Wands
 k - a wand of paralysis (3)
 w - a wand of flame (21)
Scrolls
 h - a scroll of teleportation
 j - 5 scrolls of blinking
 p - a scroll of noise {unknown}
 t - 2 scrolls of immolation {unknown}
 u - 2 scrolls of enchant weapon {unknown}
 y - a scroll of amnesia {unknown}
 C - a scroll of magic mapping {unknown}
 E - 2 scrolls of fear {unknown}
 F - a scroll of vulnerability {unknown}
Potions
 e - a potion of berserk rage
 m - 3 potions of mutation
 q - 2 potions of haste
 v - 2 potions of degeneration {unknown}
 z - 3 potions of flight {unknown}
 A - 4 potions of attraction {unknown}
 B - a potion of might {unknown}
 G - a potion of invisibility {unknown}


   Skills:
 + Level 4.5 Fighting
 + Level 4.6 Maces & Flails
 - Level 1.1 Ranged Weapons
 + Level 4.1 Throwing
 + Level 4.8 Dodging
 * Level 8.3 Stealth
 + Level 4.2 Spellcasting
 + Level 5.2 Translocations
 + Level 2.5 Transmutations
 * Level 4.5 Poison Magic


You couldn't memorise any spells.
You knew the following spells:

 Your Spells              Type           Power      Damage    Failure   Level
a - Blink                 Tloc           42%        N/A       2%          2
b - Lesser Beckoning      Tloc           42%        N/A       2%          2
c - Teleport Other        Tloc           21%        N/A       4%          3
d - Spider Form           Tmut/Pois      15%        N/A       7%          3
e - Manifold Assault      Tloc           21%        N/A       11%         4
f - Momentum Strike       Conj/Tloc      24%        3d8       5%          2

Your spell library contained the following spells:

 Spells                   Type           Power      Damage    Failure   Level
 Beastly Appendage        Tmut           24%        N/A       4%          1
 Wereblood                Tmut           12%        N/A       6%          2
 Cigotuvi's Dreadful Rot  Necr/Pois/Air  16%        N/A       8%          2
 Vhi's Electric Charge    Tloc/Air       24%        N/A       10%         3
 Ignite Poison            Fire/Tmut/Pois 11%        N/A       11%         3
 Freezing Cloud           Conj/Ice/Air   1%         6-21      82%         5


Dungeon Overview and Level Annotations

Branches:
Dungeon (7/15)             Temple (1/1) D:7           Sewer (visited)

Altars:
Ashenzari
Cheibriados
Elyvilon
Gozag
Hepliaklqana
Makhleb
Nemelex Xobeh
Okawaru
Qazlal
Ru
Sif Muna
Trog
Uskayaw
Vehumet
Wu Jian
Yredelemnul
Zin

Shops:
D:2 :

Portals:
Abyss: D:6

Annotations:
D:5 2 transporters, BlueFalcon's ghost, amateur NaVM
D:6 2 transporters, xian's ghost, novice DsHW
D:7 1 exclusion


Innate Abilities, Weirdness & Mutations

You are a venomous arachnid creature.
You have venomous fangs.
You are tiny and dextrous.
Your spellcasting is less reliable in this form.
Your armour is entirely melded.
You are incapable of wielding weapons or throwing items.
You cannot wear most types of armour.
((You are amphibious.))
You can wear up to eight rings at the same time.
((Your skin changes colour to match your surroundings (Stealth+).))
((Your rubbery body absorbs attacks. (AC +1, EV +1)))
((You are camouflaged when in or above water. (Stealth+)))
((You have tentacles for arms and can constrict up to eight enemies at once.))
((You are partially covered in iridescent scales. (AC +2)))
Your body sometimes deteriorates upon taking damage.


Message History

The gnoll barely misses you. The gnoll closely misses you.
You hit the gnoll but do no damage.
The gnoll looks as sick as possible!
The gnoll is severely wounded.
You feel sick. The gnoll barely misses you. x2
You hit the gnoll.
You kill the gnoll!
Cheibriados appreciates the change of pace.
You feel sick. The gnoll closely misses you.
Casting: Spider Form (dangerous; 7% risk of failure)
Confirm with . or Enter, or press ? or * to list all spells.
Aiming: Lesser Beckoning (safe; 2% risk of failure)
Press: ? - help, Shift-Dir - straight line, f - gnoll
Aim: a gnoll, wielding a +4 spear of venom (100% to hit)
The gnoll hurls suddenly forward!
You feel sick.
The gnoll hits you with a +4 spear of venom!
You are more poisoned.
You hit the gnoll.
The gnoll is poisoned.
The gnoll is lightly wounded.
You feel very sick.
The gnoll hits you with a +4 spear of venom!
* * * LOW HITPOINT WARNING * * *
You are more poisoned.
You feel better. The gnoll barely misses you.
You hit the gnoll but do no damage.
The gnoll looks as sick as possible!
The gnoll is moderately wounded.
The gnoll hits you with a +4 spear of venom!
* * * LOW HITPOINT WARNING * * *
You are lethally poisoned!
It was a potion of mutation.
You feel extremely strange.
You feel yourself wasting away.
Iridescent scales grow over part of your body.
* * * LOW HITPOINT WARNING * * *
You feel very sick. The gnoll misses you.
It was a potion of haste.
You feel yourself speed up.
Cheibriados forgives your accidental hurry, just this once.
* * * LOW HITPOINT WARNING * * *
You feel very sick.
The gnoll hits you with a +4 spear of venom!
You die...

^...................###..
######..###.###..........
#..# #.# #.####....#
.######..###.# #.# #888.#
.......g.....# #.# #....#
#######.###### #.# #.888#
#.# #.# #....#
#######.########.# #888.#
........gs.......####)...#
#######.######......#.888#
#.######.###### #........#
##########


You could see a gnoll (extremely poisoned).

Vanquished Creatures
  Pikel (D:4)
  A wyvern (D:7)
  Duvessa (D:6)
  2 water moccasins (D:5)
  2 sky beasts
  2 ice beasts (D:5)
  Pargi (Sewer)
  2 black bears
  2 lemures (D:4)
  A kobold brigand (D:7)
  2 bullfrogs (D:7)
  4 scorpions
  Dowan (D:6)
  2 hounds
  4 jellies
  A gnoll bouda (D:7)
  2 orc priests (D:7)
  4 iguanas
  5 orc wizards
  4 gnolls (D:7)
  11 adders
  A shadow imp (D:6)
  2 white imps (D:5)
  A worm (D:2)
  2 dart slugs (D:4)
  21 orcs
  6 endoplasms
  6 giant cockroaches
  12 goblins
  7 hobgoblins
  A quokka (D:2)
  5 ball pythons
  4 bats
  2 frilled lizards
  14 kobolds
  3 rats
142 creatures vanquished.

Vanquished Creatures (others)
  4 toadstools (D:1)
4 creatures vanquished.

Grand Total: 146 creatures vanquished

Notes
Turn   | Place    | Note
-------+----------+-------------------------------------------
     0 | D:1      | BlueFish the Octopode Warper began the quest for the Orb.
     0 | D:1      | Reached XP level 1. HP: 14/14 MP: 3/3
   329 | D:1      | Reached skill level 1 in Stealth
   350 | D:1      | Reached XP level 2. HP: 18/19 MP: 5/5
   612 | D:2      | Found Giciol's Book Shop.
   767 | D:2      | Reached XP level 3. HP: 24/24 MP: 6/6
   785 | D:2      | Learned a level 2 spell: Blink
   788 | D:2      | Learned a level 2 spell: Lesser Beckoning
   986 | D:2      | Reached skill level 2 in Stealth
   989 | D:2      | Reached XP level 4. HP: 10/29 MP: 7/7
  1431 | D:3      | Reached XP level 5. HP: 23/35 MP: 8/8
  1435 | D:3      | Learned a level 3 spell: Teleport Other
  1594 | D:3      | Reached skill level 1 in Ranged Weapons
  1962 | D:3      | Found an opulent altar of Gozag.
  2172 | D:4      | Reached skill level 3 in Stealth
  2214 | D:4      | Noticed a black bear
  2363 | D:4      | Found a glowing drain.
  2381 | D:4      | Noticed a lemure
  2381 | D:4      | Noticed a lemure
  2386 | Sewer    | Entered a sewer
  2508 | Sewer    | Noticed Pargi
  2796 | Sewer    | Killed Pargi
  2797 | Sewer    | Reached XP level 6. HP: 41/41 MP: 10/10
  2924 | D:4      | Noticed Pikel
  3053 | D:4      | Killed Pikel
  3054 | D:4      | Reached skill level 5 in Stealth
  3054 | D:4      | Reached XP level 7. HP: 8/46 MP: 11/11
  3249 | D:4      | Found a broken altar of Ashenzari.
  3255 | D:4      | Saw a vision of the Swamp and the Spider Nest.
  3255 | D:4      | Noticed a bloated husk
  3255 | D:4      | Noticed a goliath frog
  3255 | D:4      | Noticed a wolf spider
  3255 | D:4      | Noticed a redback
  3255 | D:4      | Noticed a demonic crawler
  3255 | D:4      | Noticed a tarantella
  3255 | D:4      | Noticed a sun moth
  3255 | D:4      | Noticed a tarantella
  3255 | D:4      | Noticed a pharaoh ant
  3255 | D:4      | Noticed a tyrant leech
  3255 | D:4      | Noticed a redback
  3255 | D:4      | Noticed a tarantella
  3255 | D:4      | Noticed an emperor scorpion
  3255 | D:4      | Noticed a demonic crawler
  3256 | D:4      | Noticed a vampire mosquito
  3256 | D:4      | Noticed a meliai
  3257 | D:4      | Noticed a torpor snail
  3257 | D:4      | Noticed a culicivora
  3258 | D:4      | Noticed an eleionoma
  3265 | D:4      | Noticed a demonic crawler
  3328 | D:4      | Identified the +9 short sword of Subterfuge {vamp, Will+
                  | Str+3}
  3560 | D:4      | Reached skill level 6 in Stealth
  3560 | D:4      | Reached XP level 8. HP: 41/52 MP: 13/13
  3565 | D:4      | Learned a level 3 spell: Spider Form
  4154 | D:4      | Found a basalt altar of Yredelemnul.
  4162 | D:4      | Found an ornate altar of the Wu Jian Council.
  4212 | D:5      | Entered Level 5 of the Dungeon
  4229 | D:5      | Reached skill level 1 in Poison Magic
  4324 | D:5      | Reached skill level 1 in Transmutations
  4501 | D:5      | Reached skill level 7 in Stealth
  4711 | D:5      | Reached XP level 9. HP: 39/58 MP: 14/14
  4933 | D:5      | Found a transporter.
  4973 | D:5      | Found a transporter.
  4974 | D:5      | Noticed BlueFalcon's ghost (amateur NaVM)
  5493 | D:6      | Noticed Duvessa
  5774 | D:6      | Noticed a toenail golem
  5776 | D:6      | Found a one-way gate to the infinite horrors of the Abyss.
  5776 | D:6      | Noticed xian's ghost (novice DsHW)
  5784 | D:6      | Found a transporter.
  5797 | D:6      | Noticed a green ugly thing
  5836 | D:6      | Found a transporter.
  6149 | D:6      | Killed Duvessa
  6150 | D:6      | Reached skill level 5 in Translocations
  6231 | D:6      | Found a bloodstained altar of Trog.
  6240 | D:6      | Noticed Dowan
  6259 | D:6      | Killed Dowan
  6266 | D:6      | Learned a level 4 spell: Manifold Assault
  6348 | D:6      | Found a shimmering blue altar of Sif Muna.
  6352 | D:6      | Got Sif Muna's Textbook on the Jaunt
  6356 | D:6      | Learned a level 2 spell: Momentum Strike
  6464 | D:6      | Found a radiant altar of Vehumet.
  6493 | D:7      | Found a stormy altar of Qazlal.
  6565 | D:7      | Reached skill level 8 in Stealth
  6620 | D:7      | Found a glowing silver altar of Zin.
  7168 | D:7      | Found a staircase to the Ecumenical Temple.
  7177 | Temple   | Entered the Ecumenical Temple
  7268 | Temple   | Became a worshipper of Cheibriados the Contemplative
  7550 | D:7      | Gained mutation: Your body sometimes deteriorates upon
                  | taking damage. [potion of mutation]
  7550 | D:7      | Gained mutation: You are partially covered in iridescent
                  | scales. (AC +2) [potion of mutation]
  7551 | D:7      | Slain by a gnoll

Illustrated notes

Levels and vault maps discovered:
D:1:      ldierk_walled_garden_2, layout_loops_ring
D:2:      layout_basic, serial_shops, shop, hangedman_decor_clover_reticule
D:3:      layout_rooms, lemuel_doored_altar
D:4:      layout_basic, grunt_ashenzari_visionary
          [grunt_ashenzari_visionary_swamp, grunt_ashenzari_visionary_spider],
          nzn_wu_jian_council_hall, yredelemnul_altar_generic,
          gup_sewer_entry_glass, uniq_pikel
D:5:      layout_rooms, gammafunk_ghost_smash, reono_crystal_passage
D:6:      layout_loops_ring, nzn_overflow_gifts_of_might_and_magic,
          general_overflow_altar, gammafunk_ghost_abyssal_escape
D:7:      layout_loops_ring, zin_academy, grunt_qazlal_sundering,
          minmay_temple_entry_statues_pillars, minmay_misc_feat_four_crosses,
          small_statue_alley_b
Temple:   nicolae_temple_bog_church

Skill      XL: |  1  2  3  4  5  6  7  8  9 |
---------------+----------------------------+-----
Stealth        | 1 2 3 5 6 7 8 |  8.3
Ranged Weapons | 1 |  1.1
Dodging        | 3 4 |  4.8
Throwing       | 2 3 4 |  4.1
Fighting       | 3 4 |  4.5
Maces & Flails | 3 4 |  4.6
Spellcasting   | 3 4 |  4.2
Translocations | 4 5 |  5.2
Poison Magic   | 3 4 |  4.5
Transmutations | 1 2 |  2.5

Action                     |  1- 3 |  4- 6 |  7- 9 || total
---------------------------+-------+-------+-------++-------
  Melee: Mace              |    38 |   106 |       ||   144
         Tentacles         |    11 |    23 |    32 ||    66
         Constrict         |    14 |    23 |    20 ||    57
         Punch             |     1 |     1 |     2 ||     4
         Whip              |       |       |   100 ||   100
         Unarmed           |       |       |   175 ||   175
   Fire: Sling             |    17 |   339 |    93 ||   449
  Throw: Dart              |       |       |     2 ||     2
   Cast: Lesser Beckoning  |       |     1 |     5 ||     6
         Spider Form       |       |       |    21 ||    21
         Blink             |       |       |     2 ||     2
         Momentum Strike   |       |       |     2 ||     2
  Evoke: Wand              |       |     1 |       ||     1
    Use: Scroll            |       |     4 |     1 ||     5
         Potion            |       |       |     7 ||     7
   Stab: Sleeping          |     3 |     4 |     1 ||     8
         Paralysed         |       |     4 |       ||     4
 Armour: Skin              |     7 |     8 |    14 ||    29
  Dodge: Dodged            |    31 |    75 |   216 ||   322

Table legend: (Time is in decaauts)
 A = Elapsed time spent in this place.
 B = Non-inter-level travel time spent in this place.
 C = Inter-level travel time spent in this place.
 D = Time resting spent in this place.
 E = Time spent auto-exploring this place.
 F = Levels seen in this place.
 G = Mean time per level.
                   A        B        C        D        E       F      G
               +--------+--------+--------+--------+--------+-----+--------+
         Total |   7722 |   7314 |    408 |    345 |   5073 |   9 |  858.0 |
       Dungeon |   7009 |   6625 |    384 |    345 |   4831 |   7 | 1001.3 |
        Temple |    158 |    134 |     24 |      0 |    118 |   1 |  158.0 |
         Sewer |    554 |    554 |      0 |      0 |    123 |   1 |  554.0 |
               +--------+--------+--------+--------+--------+-----+--------+

Top non-repeatable levels by time:
     D:4: 1584 daAuts
     D:5: 1246 daAuts
     D:6: 1027 daAuts
     D:7: 945 daAuts
     D:3: 787 daAuts
     D:1: 727 daAuts
     D:2: 692 daAuts
   Sewer: 554 daAuts
  Temple: 158 daAuts
